 Dungeon Crawl Stone Soup version 0.25-a0-346-g140ab784a8 (webtiles) character file.

Game seed: 14401345501996035356, levelgen mode: deterministic

12880 Flugkiller the Nimble (level 12, -3/79 HPs)
             Began as an Octopode Wanderer on Dec 31, 2019.
             Was a High Priest of Nemelex Xobeh.
             Slain by a blink frog (18 damage)
             ... on level 3 of the Lair of Beasts.
             The game lasted 00:33:36 (16478 turns).

Flugkiller the Nimble (Octopode Wanderer)          Turns: 16478, Time: 00:33:37

Health: -3/79      AC:  1    Str: 12    XL:     12   Next: 0%
Magic:  27/27      EV: 22    Int: 14    God:    Nemelex Xobeh [*****.]
Gold:   626        SH:  0    Dex: 20    Spells: 7/19 levels left

rFire    + . .     SeeInvis .   D - +3 scimitar (flame)
rCold    . . .     Gourm    .   (no shield)
rNeg     . . .     Faith    +   (helmet restricted)
rPois    .         Spirit   .   h - amulet of faith
rElec    .         Reflect  .   u - +4 ring of dexterity
rCorr    .         Harm     .   C - ring of stealth
MR       .....                  n - ring of magical power
Stlth    +++.......             s - ring of protection from fire
HPRegen  0.23/turn              (no ring)
MPRegen  0.20/turn              (no ring)
                                (no ring)
                                (no ring)

@: confused, berserk cooldown, slowed, very slow
A: almost no armour, stealthy swim, amphibious, 8 rings, constrict 8, camouflage
1, gelatinous body 1
a: Draw Escape, Draw Destruction, Draw Summoning, Triple Draw, Deal Four, Stack
Five, Renounce Religion


You were on level 3 of the Lair of Beasts.
You worshipped Nemelex Xobeh.
Nemelex Xobeh was extremely pleased with you.
You were hungry.

You visited 2 branches of the dungeon, and saw 11 of its levels.

You collected 734 gold pieces.
You spent 108 gold pieces at shops.

Inventory:

Hand Weapons
 a - a +2 short sword
 b - a +1 hunting sling
   (You found it on level 1 of the Dungeon)
 D - a +3 scimitar of flaming (weapon)
   (You took it off Erica on level 8 of the Dungeon)
Missiles
 m - 192 stones
 r - 60 sling bullets
 w - 22 poisoned darts (quivered)
 x - 7 boomerangs
Jewellery
 h - an amulet of faith (around mantle)
   (You found it on level 1 of the Dungeon)
 n - a ring of magical power (on tentacle)
   (You found it on level 1 of the Lair of Beasts)
 s - a ring of protection from fire (on tentacle)
   (You found it on level 3 of the Dungeon)
 u - a +4 ring of dexterity (left tentacle)
   (You found it on level 3 of the Dungeon)
 C - a ring of stealth (right tentacle)
   (You found it on level 5 of the Dungeon)
 E - an uncursed ring of ice
   (You found it on level 7 of the Dungeon)
Wands
 c - a wand of enslavement (6)
   (You found it on level 7 of the Dungeon)
 y - a wand of paralysis (12)
   (You found it on level 4 of the Dungeon)
 H - a wand of acid (7)
   (You found it on level 8 of the Dungeon)
Scrolls
 e - 2 scrolls of enchant weapon
 f - 7 scrolls of teleportation
 g - 4 scrolls of blinking
 j - a scroll of enchant armour
 o - a scroll of holy word {unknown}
 p - 2 scrolls of remove curse
 t - 2 scrolls of fog
 z - a scroll of magic mapping
 A - 4 scrolls of amnesia
 I - a scroll of random uselessness {unknown}
 J - a scroll of vulnerability {unknown}
Potions
 i - a potion of mutation {unknown}
 k - a potion of haste {unknown}
 l - a potion of berserk rage
 q - a potion of invisibility
 v - 3 potions of might
 B - a potion of resistance
 F - a potion of lignification {unknown}
 G - 2 potions of heal wounds {unknown}
 K - 2 potions of agility {unknown}
 L - 2 potions of brilliance {unknown}
Comestibles
 d - 23 rations


   Skills:
 - Level 6.1 Fighting
 - Level 4.0(6.2) Short Blades
 + Level 7.3(7.8) Long Blades
 - Level 3.3 Slings
 - Level 11.0 Dodging
 - Level 4.0 Stealth
 + Level 4.2 Spellcasting
 - Level 3.0 Conjurations
 + Level 1.3 Transmutations
 - Level 3.0 Fire Magic
 + Level 1.3 Earth Magic
 - Level 8.1 Invocations
 - Level 5.1 Evocations


You had 7 spell levels left.
You knew the following spells:

 Your Spells              Type           Power        Failure   Level  Hunger
a - Conjure Flame         Conj/Fire      ##......     16%         3    ###....
b - Mephitic Cloud        Conj/Pois/Air  #.......     36%         3    ###....
c - Statue Form           Tmut/Erth      #........    100%        6    #######

Your spell library contained the following spells:

 Spells                   Type           Power        Failure   Level  Hunger
 Magic Dart               Conj           ##..         5%          1    None
 Blink                    Tloc           N/A          28%         2    ##.....
 Call Imp                 Summ           #.......     28%         2    ##.....
 Slow                     Hex            #.......     28%         2    ##.....
 Irradiate                Conj/Tmut      #.........   91%         5    ######.
 Hydra Form               Tmut           #.........   100%        6    #######
 Dragon Form              Tmut           #.........   100%        7    #######


Dungeon Overview and Level Annotations

Branches:
Dungeon (8/15)             Temple (0/1) D:6            Lair (3/6) D:8
  Swamp (0/4) Lair:2
  Snake: Lair:2-4    Spider: Lair:2-4

Altars:
Dithmenos
Elyvilon
Fedhas
Kikubaaqudgha
Makhleb
Nemelex Xobeh
Vehumet
Xom
Yredelemnul
The Shining One

Shops:
D:4 [   D:6 }

Annotations:
D:2 exclusions: adder and worm
D:5 1 runed translucent door
D:8 exclusion: gargoyle
Lair:1 exclusions: killer bee and queen bee


Innate Abilities, Weirdness & Mutations

You cannot wear most types of armour.
You are very stealthy in the water. (Stealth+)
You are amphibious.
You can wear up to eight rings at the same time.
You can use your tentacles to constrict eight enemies at once.
Your skin changes colour to match your surroundings (Stealth+).
Your rubbery body absorbs attacks. (AC +1, EV +1)


Message History

You are more confused.
The hornet stings you.
* * * LOW HITPOINT WARNING * * *
You feel as though you will be slow longer.
The golden eye blinks at you. You resist with almost no effort.
You can move again.
You barely miss the hornet. The hornet misses you.
The hornet completely misses you.
Unknown command.
You're too confused to move!
Unknown command.
You bump into the rock wall.
You feel a strong urge to attack something.
The golden eye blinks at you.
You are more confused.
The blink frog misses you. The golden eye blinks at you.
You resist with almost no effort.
You hit the blink frog. You burn the blink frog.
The blink frog is moderately wounded.
The blink frog misses you. The golden eye blinks at you.
You easily resist.
The blink frog hits you!
* * * LOW HITPOINT WARNING * * *
You miss the blink frog. Your squeeze misses the blink frog.
The blink frog is moderately wounded.
The golden eye blinks at you. You resist with almost no effort.
The blink frog barely misses you.
Unknown command.
You bump into the rock wall.
You feel yourself speed up.
You are no longer berserk.
You are exhausted.
You feel yourself slow down.
The blink frog blinks!
Okay, then.
You're too confused!
Unknown command.
You bump into the rock wall.
The golden eye blinks!
The hornet misses you. The hornet closely misses you.
Unknown command.
The hornet closely misses you. x2
Unknown command.
Unknown command.
Unknown command.
You slash the blink frog! You burn the blink frog. You squeeze the blink frog.
The blink frog is severely wounded.
The blink frog hits you!!
You die...
Your body glows with a rainbow of weird colours and disappears.

###....# ##
#.#........
##..####P###..........
##..# #..........#####
##..## ##.........#
##P.## #........##
#...# #........# #..##
#........## ##..#
#####.#..F....#
#..##.....####@#..#.#
#........# ####F###
###........# ##y#
#..........# #..#
#........### #...#
.........# #......
........## #........#
....PP..# #G.......#
...PP.### .........#


You could see a blink frog.

Vanquished Creatures
  2 hydras
  A two-headed ogre (D:8)
  2 black mambas
  2 spiny frogs (Lair:2)
  A komodo dragon (Lair:1)
  A troll (D:8)
  Grinder (D:6)
  6 blink frogs
  2 bog bodies (Lair:2)
  2 hippogriffs
  Prince Ribbit (D:6)
  Sigmund (D:5)
  6 yaks (Lair:2)
  A steam dragon (D:8)
  4 porcupines
  6 water moccasins
  An orc warrior (D:8)
  2 phantoms
  2 black bears
  A necrophage (D:7)
  An ice beast (D:8)
  A boggart (D:8)
  9 wolves
  4 ogres
  3 centaurs
  2 crocodiles
  6 bullfrogs
  A gnoll sergeant (D:7)
  4 killer bees (D:8)
  4 wights (D:8)
  A howler monkey (D:6)
  2 electric eels
  3 crimson imps
  Crazy Yiuf (D:5)
  8 hounds
  A bullfrog skeleton (D:8)
  5 orc priests
  4 orc wizards
  6 iguanas
  3 worker ants
  A hound skeleton (D:4)
  A howler monkey zombie (D:8)
  7 adders
  7 gnolls
  2 oozes
  3 worms
  2 dart slugs
  5 leopard geckos
  20 orcs
  4 ball pythons
  7 bats
  6 giant cockroaches
  6 goblins
  5 hobgoblins
  12 jackals
  2 kobolds
  A quokka (D:7)
  6 frilled lizards
  A giant cockroach zombie (D:5)
  A jackal skeleton (D:7)
  A quokka skeleton (D:6)
  10 rats
224 creatures vanquished.

Vanquished Creatures (collateral kills)
  Erica (D:8)
  A gargoyle (D:8)
  An ogre (D:5)
  2 wolves (D:8)
  A hound (D:8)
6 creatures vanquished.

Vanquished Creatures (others)
  6 fungi
  3 plants (Lair:1)
9 creatures vanquished.

Grand Total: 239 creatures vanquished

Notes
Turn   | Place    | Note
-------+----------+-------------------------------------------
     0 | D:1      | Flugkiller the Octopode Wanderer began the quest for the
                  | Orb.
     0 | D:1      | Flugkiller set off with the following items: a +2 short
                  | sword, a +0 quarterstaff, a potion of curing, a ration
     0 | D:1      | Reached XP level 1. HP: 16/16 MP: 1/1
   367 | D:1      | Reached XP level 2. HP: 4/21 MP: 2/2
  1187 | D:1      | Reached XP level 3. HP: 26/26 MP: 3/3
  1905 | D:2      | Found a faded altar of an unknown god.
  1929 | D:2      | Became a worshipper of Nemelex Xobeh the Trickster
  1929 | D:2      | Received a gift from Nemelex Xobeh
  1929 | D:2      | Reached * piety under Nemelex Xobeh
  1930 | D:2      | nice
  1950 | D:2      | Found a blossoming altar of Fedhas.
  2694 | D:3      | Found a burning altar of Makhleb.
  2778 | D:3      | Found a white marble altar of Elyvilon.
  2853 | D:3      | Reached XP level 4. HP: 31/31 MP: 4/4
  3359 | D:3      | Reached ** piety under Nemelex Xobeh
  3538 | D:3      | Reached skill level 4 in Dodging
  3554 | D:3      | Reached XP level 5. HP: 37/37 MP: 5/5
  3766 | D:4      | Reached skill level 1 in Invocations
  4008 | D:4      | Found Qezeczok's Armour Boutique.
  4026 | D:4      | Reached XP level 6. HP: 40/43 MP: 7/7
  4115 | D:4      | Reached skill level 5 in Dodging
  4587 | D:4      | Reached XP level 7. HP: 37/48 MP: 9/9
  4755 | D:4      | Found a shadowy altar of Dithmenos.
  5101 | D:4      | Reached skill level 6 in Dodging
  5191 | D:5      | Entered Level 5 of the Dungeon
  5392 | D:5      | Noticed Sigmund
  5400 | D:5      | Killed Sigmund
  5400 | D:5      | Reached skill level 5 in Fighting
  5551 | D:5      | Noticed an insubstantial wisp
  5856 | D:5      | Reached XP level 8. HP: 27/56 MP: 10/10
  6087 | D:4      | Found a radiant altar of Vehumet.
  6087 | D:4      | Found a shimmering altar of Xom.
  6141 | D:5      | Found a runed translucent door.
  6144 | D:5      | Found a white marble altar of Elyvilon.
  6144 | D:5      | Noticed an angel
  6379 | D:5      | Found a runed translucent door.
  6380 | D:5      | Noticed Crazy Yiuf
  6481 | D:5      | Killed Crazy Yiuf
  6719 | D:6      | Noticed Prince Ribbit
  6733 | D:6      | Killed Prince Ribbit
  6733 | D:6      | Reached skill level 7 in Dodging
  6927 | D:6      | Noticed Grinder
  6954 | D:6      | Paralysed by Grinder for 6 turns
  6963 | D:6      | Killed Grinder
  6963 | D:6      | Reached skill level 8 in Dodging
  7570 | D:6      | Reached XP level 9. HP: 38/62 MP: 11/11
  7779 | D:6      | Found Vuttolaj's Gadget Shop.
  7817 | D:6      | Bought a wand of paralysis (7) for 108 gold pieces
  7960 | D:6      | Reached skill level 9 in Dodging
  8019 | D:6      | Found a staircase to the Ecumenical Temple.
  8101 | D:6      | Received a gift from Nemelex Xobeh
  8179 | D:6      | Reached *** piety under Nemelex Xobeh
  8265 | D:7      | Reached skill level 1 in Slings
  8273 | D:7      | Found a burning altar of Makhleb.
  8274 | D:7      | You fall into a shaft and drop 1 floor!
  8342 | D:8      | Noticed a two-headed ogre
  8353 | D:8      | Killed a two-headed ogre
  8353 | D:8      | Reached skill level 5 in Evocations
  8394 | D:7      | Received a gift from Nemelex Xobeh
  8504 | D:7      | Reached skill level 5 in Invocations
  8991 | D:8      | Received a gift from Nemelex Xobeh
  9050 | D:8      | Reached XP level 10. HP: 68/68 MP: 14/14
  9311 | D:8      | Noticed a gargoyle
  9337 | D:8      | Reached **** piety under Nemelex Xobeh
  9808 | D:8      | Found a staircase to the Lair.
  9830 | D:8      | Noticed Erica
  9883 | D:8      | Noticed Grum
 10025 | D:8      | Noticed an orange demon
 10385 | D:8      | Reached skill level 10 in Dodging
 10389 | D:8      | Noticed Grum
 10389 | D:8      | Grum changed into Grum the boggart
 10404 | D:8      | Killed Grum the boggart
 11046 | D:8      | Found a glowing golden altar of the Shining One.
 11048 | D:8      | Found an ancient bone altar of Kikubaaqudgha.
 11049 | D:8      | Received a gift from Nemelex Xobeh
 11701 | D:8      | Killed Erica
 11707 | D:8      | Killed a gargoyle
 11879 | D:8      | Found an ancient bone altar of Kikubaaqudgha.
 11881 | D:8      | Found a glowing golden altar of the Shining One.
 12095 | D:8      | Found a staircase to the Lair.
 12425 | Lair:1   | Entered Level 1 of the Lair of Beasts
 12425 | Lair:1   | Noticed a black mamba
 12447 | Lair:1   | Killed a black mamba
 12447 | Lair:1   | Reached skill level 1 in Long Blades
 12682 | Lair:1   | Reached skill level 11 in Dodging
 12783 | Lair:1   | Reached XP level 11. HP: 44/72 MP: 17/17
 12920 | Lair:1   | Learned a level 3 spell: Conjure Flame
 12982 | Lair:1   | Noticed an eight-headed hydra
 12998 | Lair:1   | Killed a seven-headed hydra
 12998 | Lair:1   | Reached skill level 1 in Spellcasting
 12998 | Lair:1   | Reached skill level 1 in Conjurations
 12998 | Lair:1   | Reached skill level 1 in Fire Magic
 13675 | Lair:1   | Received a gift from Nemelex Xobeh
 13873 | Lair:1   | Noticed a six-headed hydra
 14127 | Lair:2   | Received a gift from Nemelex Xobeh
 14482 | Lair:2   | Found a basalt altar of Yredelemnul.
 14542 | Lair:2   | Found a staircase to the Swamp.
 14545 | Lair:2   | Noticed an eight-headed hydra
 14821 | Lair:2   | Reached skill level 5 in Long Blades
 14824 | Lair:2   | Reached ***** piety under Nemelex Xobeh
 14854 | Lair:2   | Learned a level 3 spell: Mephitic Cloud
 15169 | Lair:2   | Killed a seven-headed hydra
 15840 | Lair:3   | Received a gift from Nemelex Xobeh
 15850 | Lair:3   | Learned a level 6 spell: Statue Form
 16215 | Lair:3   | Received a gift from Nemelex Xobeh
 16459 | Lair:3   | Reached skill level 1 in Transmutations
 16459 | Lair:3   | Reached skill level 1 in Earth Magic
 16463 | Lair:3   | Reached XP level 12. HP: 41/79 MP: 18/18
 16465 | Lair:3   | Paralysed by a hornet for 3 turns
 16478 | Lair:3   | Slain by a blink frog

Levels and vault maps discovered:
D:1:      dpeg_arrival_chambers_temple_mockup, layout_basic,
          minmay_statues_item, bh_walls_and_bars
D:2:      layout_loops_cross, chequers_ecumenical_altar_simple, fedhas_altar_1
D:3:      layout_basic, bloody_makhleb, elyvilon_altar_3, first_ration
D:4:      layout_loops_ring, nicolae_overflow_hidden_temple,
          overflow_temple_1_default, serial_shops, nicolae_shop_waterfront
D:5:      layout_loops_ring, lemuel_angel_altar, uniq_crazy_yiuf_cottage,
          uniq_sigmund
D:6:      layout_loops_ring, minmay_temple_entry_nine_rooms, serial_shops, shop,
          st_stairs_12, nrook_mini_backslash, water_maze_lemuel,
          uniq_prince_ribbit1, uniq_grinder
D:7:      layout_basic, basic_altar, kennysheep_generic_room_7
D:8:      layout_cave_pods, chequers_temple_overflow_statue_of_worship,
          erik_lair_island, uniq_grum, uniq_erica
Lair:1:   wander_river, layout_loops_ring, special_room [special_room_bee],
          cheibrodos_lair_reptile_den, lemuel_fruit_tree
Lair:2:   layout_loops_ring, skrybe_swamp_entry_bodies, basic_altar
Lair:3:   layout_cave_pods, chequers_serial_rivers_large_a, minivault_27

Skill      XL: |  1  2  3  4  5  6  7  8  9 10 11 |
---------------+----------------------------------+-----
Stealth        | 3 4 |  4.0
Dodging        | 4 5 6 8 9 11 | 11.0
Invocations    | 1 2 5 8 |  8.1
Fighting       | 4 5 6 |  6.1
Evocations     | 3 5 |  5.1
Short Blades   | 3 4 |  4.0
Slings         | 3 |  3.3
Long Blades    | 3 7 |  7.3
Spellcasting   | 4 |  4.2
Conjurations   | 3 |  3.0
Fire Magic     | 3 |  3.0
Transmutations | 1 |  1.3
Earth Magic    | 1 |  1.3

Action                   |  1- 3 |  4- 6 |  7- 9 | 10-12 || total
-------------------------+-------+-------+-------+-------++-------
Melee: Short sword       |    80 |    52 |   188 |   119 ||   439
       Constrict         |    14 |    11 |    45 |    45 ||   115
       Tentacles         |     5 |     9 |    40 |    79 ||   133
       Scimitar          |       |       |       |   121 ||   121
       Hunting sling     |       |       |       |     1 ||     1
 Fire: Hunting sling     |       |    48 |    67 |    72 ||   187
Throw: Stone             |     5 |     1 |       |       ||     6
       Dart              |       |     6 |     3 |     1 ||    10
 Cast: Conjure Flame     |       |       |       |    12 ||    12
 Abil: Draw Destruction  |       |     2 |     2 |    14 ||    18
       Draw Summoning    |       |       |     2 |     7 ||     9
       Draw Escape       |       |       |       |     3 ||     3
Evoke: Wand              |       |       |     7 |     3 ||    10
  Use: Scroll            |     3 |       |    12 |     4 ||    19
       Potion            |       |       |     4 |     2 ||     6
 Stab: Sleeping          |    16 |     3 |    10 |     9 ||    38
       Distracted        |       |     1 |       |     1 ||     2
       Paralysed         |       |       |     7 |     3 ||    10
  Eat: Chunk             |     6 |     5 |    11 |    14 ||    36
       Ration            |       |       |     1 |     3 ||     4
Armor: Skin              |     8 |     1 |     1 |     4 ||    14
Dodge: Dodged            |    46 |    48 |   132 |   288 ||   514
       Rpst.: Scimitar   |       |       |       |    37 ||    37

Table legend:
 A = Non-vault XP
 B = Vault XP
 C = Vault XP percentage of total XP
 D = Non-vault monster count
 E = Vault monster count
 F = Vault count percentage of total count
                 A         B        C        D         E       F
            +---------+---------+-------+---------+---------+-------
      Total |   14559 |    3842 |  20.9 |     206 |      24 |  10.4
            +---------+---------+-------+---------+---------+-------
        D:1 |      35 |       0 |   0.0 |      20 |       0 |   0.0
        D:2 |      25 |       0 |   0.0 |       9 |       0 |   0.0
        D:3 |     148 |       0 |   0.0 |      30 |       0 |   0.0
        D:4 |     536 |       0 |   0.0 |      21 |       0 |   0.0
        D:5 |     536 |     267 |  33.3 |      13 |       2 |  13.3
        D:6 |     628 |     545 |  46.5 |      15 |       2 |  11.8
        D:7 |     506 |      84 |  14.2 |      19 |       1 |   5.0
        D:8 |    2884 |    1642 |  36.3 |      38 |      15 |  28.3
     Lair:1 |    3708 |     768 |  17.2 |      17 |       2 |  10.5
     Lair:2 |    3752 |     536 |  12.5 |      14 |       2 |  12.5
     Lair:3 |    1801 |       0 |   0.0 |      10 |       0 |   0.0
            +---------+---------+-------+---------+---------+-------
